Map: 세룰리안 폴 - 래더

Players

Bunny - Winner!

  • Race: Terran Terran
  • League: Diamond
  • Spawn Location: 1:00

Trap

  • Race: Protoss Protoss
  • League: Master
  • Spawn Location: 7:00

Event: HomeStory Cup XVIII

VOD

Have the link to the VOD?

Description

Time

  • Played on: Nov. 23, 2018, 12:40 p.m.
  • Length: 11:49

All games in this series

Show
View Real Time Build Order
Export as new Build Order

Bunny Terran - Winner!

Build Orders: Reaper Expand 

Get SALT Encoding   

  12  0:01  SCV  
  13  0:13  SCV  
  14  0:17  Supply Depot  
  14  0:25  SCV  
  15  0:39  SCV  
  15  0:40  Barracks  
  16  0:43  Refinery  
  16  0:51  SCV  
  17  1:03  SCV  
  18  1:15  SCV  
  19  1:28  Reaper, Orbital Command  
  20  1:41  Command Center  
  20  1:54  SCV  
  20  1:56  Supply Depot  
  20  2:00  Marine  
  22  2:06  SCV  
  23  2:08  Factory  
  23  2:14  Refinery  
  23  2:18  SCV  
  23  2:21  Barracks Reactor  
  24  2:30  SCV  
  24  2:33  Barracks  
  25  2:42  SCV  
  25  2:54  Factory Tech Lab  
  25  2:55  SCV  
  25  2:57  Marine x2  
  26  3:07  SCV  
  26  3:14  Cyclone  
  26  3:15  Marine x2, Orbital Command  
  26  3:19  SCV  
  31  3:22  Orbital Command  
  31  3:26  Barracks Tech Lab  
  31  3:31  SCV  
  31  3:33  Marine x2  
  34  3:43  SCV  
  34  3:46  Widow Mine  
  34  3:48  SCV  
  38  3:50  Engineering Bay  
  38  3:52  Supply Depot  
  38  3:53  Stimpack  
  38  3:56  SCV  
  38  3:58  Marine  
  38  4:00  Marine, SCV  
  38  4:01  Marine  
  43  4:08  SCV  
  44  4:12  SCV  
  44  4:14  Barracks  
  45  4:22  SCV  
  45  4:24  Bunker  
  46  4:27  SCV  
  46  4:29  Terran Infantry Weapons Level 1  
  47  4:34  SCV  
  48  4:39  SCV  
  48  4:40  Starport  
  48  4:41  Factory Reactor  
  51  4:50  SCV  
  54  4:54  SCV  
  54  4:56  Supply Depot  
  54  4:57  Supply Depot  
  51  5:01  Marine  
  51  5:03  Marine x2  
  51  5:07  Supply Depot  
  54  5:08  Marine, SCV x2  
  54  5:09  Refinery, Combat Shield  
  57  5:16  Supply Depot  
  57  5:20  SCV x2  
  59  5:22  Marine  
  59  5:23  Marine, Marauder  
  63  5:28  Medivac  
  63  5:31  Medivac  
  63  5:32  SCV  
  63  5:33  SCV  
  69  5:37  Factory Reactor  
  69  5:42  Marauder, Refinery  
  71  5:43  Marine  
  71  5:44  Marine  
  71  5:48  SCV  
  71  5:49  SCV  
  75  5:54  Concussive Shells  
  75  6:00  SCV  
  75  6:01  SCV  
  75  6:07  Medivac x2  
  78  6:14  Command Center  
  76  6:19  SCV x2  
  76  6:20  Marauder x2  
  76  6:21  Marine  
  76  6:22  Marine  
  76  6:25  Widow Mine  
  81  6:27  Widow Mine  
  81  6:30  Terran Infantry Armor Level 1  
  81  6:32  Supply Depot  
  83  6:34  SCV  
  84  6:41  Marauder  
  84  6:42  Marauder, Marine  
  84  6:43  Marine  
  92  6:47  Widow Mine  
  92  6:49  Widow Mine  
  92  6:53  Barracks  
  94  6:55  SCV x2  
  94  6:56  Barracks  
  94  6:58  Supply Depot  
  94  7:00  Marine x2  
  98  7:02  Medivac  
  98  7:04  Medivac  
  102  7:14  Supply Depot  
  102  7:19  Widow Mine x2, Marauder x2  
  110  7:26  Marine  
  110  7:27  Marine  
  107  7:41  Marauder x2  
  107  7:42  Medivac x2  
  107  7:44  Barracks Reactor  
  110  7:45  Marine, Barracks Tech Lab  
  110  7:46  Marine  
  108  7:51  Widow Mine  
  108  7:52  Widow Mine  
  108  7:56  Orbital Command  
  108  8:02  Marauder x2  
  108  8:03  Marine x2  
  108  8:05  Marauder  
  114  8:11  Supply Depot  
  107  8:15  Orbital Command  
  107  8:17  Widow Mine x2  
  107  8:18  Medivac x2  
  115  8:21  Marine x2, SCV x2  
  115  8:24  Marauder x2  
  123  8:27  Marine x2  
  123  8:32  Engineering Bay  
  125  8:37  SCV x2  
  125  8:39  Armory  
  127  8:42  Marauder  
  127  8:45  Marauder  
  127  8:47  Marine x3  
  127  8:48  Marine  
  135  8:54  Supply Depot x2, SCV  
  136  8:55  SCV  
  136  8:57  SCV  
  132  9:10  Marauder x2, Marine x5, Liberator  
  132  9:15  Liberator  
  132  9:16  Widow Mine x2  
  133  9:25  SCV  
  133  9:26  SCV x2  
  133  9:28  Marine x3  
  133  9:29  Marauder  
  133  9:30  Marine  
  142  9:31  Marauder  
  142  9:37  Marine  
  135  9:46  Marine  
  135  9:47  Marine x2  
  135  9:48  Marine  
  135  9:50  Marauder  
  135  9:52  Marine  
  131  9:53  Orbital Command  
  120  10:01  Marine  
  120  10:03  Marine  
  120  10:04  Widow Mine  
  120  10:05  Marine x3  
  125  10:10  Medivac  
  121  10:15  Medivac  
  121  10:17  Marauder x2  
  125  10:21  Marine x2  
  125  10:22  Marine  
  125  10:27  Liberator  
  128  10:34  Marine x2  
  128  10:35  Liberator  
  130  10:39  SCV x3  
  128  10:50  Marine  
  128  10:51  Marine x3  
  133  11:00  Missile Turret  
  133  11:03  Missile Turret  
  133  11:06  Marine x3  
  136  11:14  Widow Mine x2  
  136  11:16  Marauder x2  
  144  11:22  Marine  
Show
View Real Time Build Order
Export as new Build Order

Trap Protoss 

Build Orders: 1 Gate Expand, Blink Stalkers, Chargelot Immortal 

Get SALT Encoding   

  12  0:00  Probe  
  13  0:12  Probe  
  14  0:18  Pylon  
  14  0:24  Probe  
  15  0:32  Probe  
  15  0:38  Gateway  
  15  0:40  Probe  
  16  0:48  Assimilator  
  17  0:51  Probe  
  18  1:03  Probe  
  19  1:15  Probe  
  20  1:25  Cybernetics Core  
  20  1:35  Nexus  
  20  1:44  Pylon  
  20  1:45  Probe  
  21  1:52  Assimilator  
  21  1:53  Adept  
  21  1:57  Probe  
  22  2:03  Warp Gate  
  24  2:09  Probe  
  24  2:11  Adept  
  27  2:24  Probe  
  28  2:34  Twilight Council  
  28  2:36  Probe  
  29  2:38  Stalker  
  31  2:49  Probe  
  31  2:52  Probe  
  32  3:00  Probe  
  32  3:01  Probe  
  34  3:08  Blink, Stalker  
  34  3:10  Probe  
  37  3:13  Probe  
  38  3:22  Probe  
  38  3:25  Probe  
  39  3:34  Probe  
  39  3:37  Probe  
  41  3:42  Gateway  
  41  3:43  Gateway  
  41  3:48  Probe  
  42  3:49  Probe  
  43  3:57  Robotics Facility  
  43  4:01  Pylon  
  41  4:03  Probe x2  
  43  4:15  Probe x2  
  45  4:18  Assimilator  
  45  4:20  Stalker  
  47  4:27  Probe x2  
  49  4:34  Nexus  
  49  4:35  Pylon  
  49  4:42  Observer  
  49  4:47  Stalker x2  
  54  4:53  Probe x2  
  54  4:54  Stalker  
  58  5:01  Pylon  
  58  5:04  Forge  
  58  5:06  Forge, Observer  
  58  5:10  Probe x2  
  61  5:15  Charge, Protoss Ground Armor Level 1, Protoss Ground Weapons Level 1  
  61  5:27  Gateway  
  61  5:28  Gateway, Observer  
  62  5:32  Gateway  
  62  5:35  Probe x2  
  64  5:42  Stalker  
  66  5:49  Gateway  
  66  5:53  Gateway  
  66  6:01  Immortal  
  70  6:07  Probe x3  
  72  6:14  Stalker x2  
  76  6:19  Probe x3  
  76  6:22  Zealot, Sentry  
  83  6:30  Pylon  
  83  6:31  Probe x2  
  83  6:32  Pylon  
  85  6:39  Pylon  
  85  6:48  Probe x3  
  85  6:52  Zealot x2  
  85  6:53  Zealot x3, Sentry  
  100  7:01  Zealot x2  
  100  7:02  Pylon  
  100  7:03  Protoss Ground Weapons Level 2  
  100  7:04  Protoss Ground Armor Level 2  
  100  7:06  Pylon  
  104  7:10  Pylon  
  104  7:11  Probe  
  104  7:15  Pylon  
  105  7:21  Zealot  
  105  7:22  Zealot  
  109  7:28  Zealot x2  
  109  7:29  Zealot x2  
  106  7:31  Probe x2  
  96  7:37  Probe  
  96  7:43  Probe x2, Stalker  
  96  7:44  Stalker  
  90  7:55  Probe x3  
  90  7:56  Warp Prism  
  90  7:58  Zealot, Observer  
  92  8:06  Probe x2  
  92  8:08  Probe  
  97  8:14  Probe x2  
  99  8:20  Observer, Probe  
  99  8:22  Probe  
  99  8:24  Probe  
  99  8:25  Zealot, Sentry x2  
  99  8:26  Observer  
  107  8:32  Probe  
  109  8:34  Zealot x2, Probe  
  109  8:35  Zealot x2  
  109  8:39  Zealot  
  120  8:45  Immortal  
  124  8:55  Stalker x3  
  123  9:14  Immortal  
  123  9:15  Zealot x5  
  119  9:21  Zealot x2  
  119  9:22  Zealot  
  109  9:41  Zealot x5  
  109  9:42  Zealot x3  
  109  9:43  Immortal  
  86  10:01  Sentry x3  
  86  10:02  Stalker x3  
  86  10:06  Zealot  
  100  10:10  Zealot  
  91  10:14  Immortal  
  91  10:29  Zealot  
  91  10:35  Pylon  
  91  10:36  Pylon  
  87  10:55  Zealot x3  
  87  10:56  Zealot x4  
  101  11:03  Pylon  
  101  11:18  Pylon  
  101  11:23  Stalker x3  
  101  11:24  Stalker  
  109  11:45  Zealot x2  
  109  11:46  Zealot x2  
Tags
 
Add a new tag
Caveats
  • Supply blocks, unpowered buildings, or Contaminate may cause inaccurate times.
  • Supply counts are checked every 10 seconds.